 Dungeon Crawl Stone Soup version 0.27.1-33-g824d729ab1 (webtiles) character file.

Game seed: 731811644480068321

38 Atelerd the Digger (level 3, -13/21 HPs)
             Began as an Octopode Earth Elementalist on Dec 22, 2021.
             Killed by divine providence
             ... invoked by an orc priest
              (15 damage)
             ... on level 3 of the Dungeon.
             The game lasted 00:01:30 (1672 turns).

Atelerd the Digger (Octopode Earth Elementalist)    Turns: 1672, Time: 00:01:30

Health: -13/21     AC:  1    Str:  7    XL:     3   Next: 43%
Magic:  6/6        EV: 13    Int: 24    God:
Gold:   113        SH:  0    Dex: 12    Spells: 6/7 levels left

rFire    . . .     SeeInvis .   j - +0 dagger
rCold    . . .     Faith    .   (no shield)
rNeg     . . .     Spirit   .   (helmet restricted)
rPois    .         Reflect  .   (no amulet)
rElec    .         Harm     .   f - +6 ring of intelligence
rCorr    .         Rampage  .   (no ring)
Will     .....                  (no ring)
Stlth    +++.......             (no ring)
HPRegen  0.07/turn              (no ring)
MPRegen  0.10/turn              (no ring)
                                (no ring)
                                (no ring)

@: no status effects
A: almost no armour, amphibious, 8 rings, camouflage 1, gelatinous body 1,
(nimble swimmer 1), tentacles
a: no special abilities


You were on level 3 of the Dungeon.
You visited 1 branch of the dungeon, and saw 3 of its levels.

You collected 113 gold pieces.

Inventory:

Hand Weapons
 j - a +0 dagger (weapon)
Jewellery
 f - a +6 ring of intelligence (left tentacle)
Scrolls
 a - 2 scrolls of teleportation {unknown}
 c - a scroll of identify {unknown}
 d - a scroll of summoning {unknown}
 h - a scroll of noise {unknown}
 i - a scroll of enchant weapon {unknown}
Potions
 e - a potion of mutation {unknown}
 g - a potion of might {unknown}
 k - a potion of magic {unknown}


   Skills:
 - Level 2.0 Dodging
 - Level 2.6 Stealth
 + Level 2.6 Spellcasting
 - Level 2.0 Transmutations
 + Level 3.4 Earth Magic


You had 6 spell levels left.
You knew the following spells:

 Your Spells              Type           Power      Damage    Failure   Level
a - Sandblast             Erth           38%        2d10      2%          1

Your spell library contained the following spells:

 Spells                   Type           Power      Damage    Failure   Level
 Passwall                 Tmut/Erth      13%        N/A       5%          2
 Stone Arrow              Conj/Erth      22%        3d8       17%         3
 Petrify                  Tmut/Erth      16%        N/A       36%         4


Dungeon Overview and Level Annotations

Branches:
Dungeon (3/15)

Altars:

Annotations:
D:1 exclusion: downstairs


Innate Abilities, Weirdness & Mutations

You cannot wear most types of armour.
You are amphibious.
You can wear up to eight rings at the same time.
Your skin changes colour to match your surroundings (Stealth+).
Your rubbery body absorbs attacks. (AC +1, EV +1)
((You are camouflaged near water. (Stealth+)))
You have tentacles for arms and can constrict up to eight enemies at once.


Message History

You now have 99 gold pieces (gained 15).
You now have 113 gold pieces (gained 14).
You open the door. You open the door.
There is an open door here.
A gnoll is nearby!
A gnoll is nearby!
A gnoll is nearby!
A bat comes into view.
The bat moves out of view.
An adder comes into view.
The bat barely misses you. The bat barely misses you.
The goblin hits you with a +0 club. The bat barely misses you.
Found a stone staircase leading down.
The goblin misses you. The bat barely misses you. The bat closely misses you.
The bat misses you.
The gnoll throws a throwing net.
The throwing net closely misses you. The bat barely misses you.
You see here a throwing net.
The bat misses you. The bat hits you. The bat misses you.
There is a stone staircase leading down here.
The bat closely misses you. The goblin closely misses you.
You climb downwards.
The orc shouts! x2; The orc priest shouts!
The orc shouts!
The endoplasm quivers.
Found a leather armour.
There is a stone staircase leading up here.
You barely miss the orc priest. Your grab misses the orc priest.
The goblin hits you with a +0 club. The orc priest barely misses you.
The orc priest hits you with a +0 falchion!
Unknown command.
The orc hits you with a +0 club.
* * * LOW HITPOINT WARNING * * *
The orc priest misses you. The goblin hits you but does no damage.
The orc priest calls down the wrath of Beogh upon you.
Beogh smites you!
Ouch! That really hurt!
You die...

### . .... .
....####.
........#
........#
......# #
#...#.##
#.o@...#
#.oogo..#
.....o.......
...J..#[.#..###
........###.#
#.##..##. ## #
#. # #.


You could see 2 orc priests, 3 orcs, an endoplasm and a goblin.

Vanquished Creatures
  A dart slug (D:1)
  4 endoplasms
  3 giant cockroaches
  7 goblins
  5 hobgoblins
  A quokka (D:1)
  A ball python (D:1)
  3 bats (D:1)
  3 frilled lizards (D:1)
  2 kobolds (D:1)
  2 rats (D:1)
32 creatures vanquished.

Notes
Turn   | Place    | Note
-------+----------+-------------------------------------------
     0 | D:1      | Atelerd the Octopode Earth Elementalist began the quest for
                  | the Orb.
     0 | D:1      | Reached XP level 1. HP: 11/11 MP: 3/3
   117 | D:1      | Reached XP level 2. HP: 17/17 MP: 0/5
   168 | D:1      | Found a faded altar of an unknown god.
   717 | D:1      | Reached XP level 3. HP: 21/21 MP: 4/6
  1672 | D:3      | Killed from afar by an orc priest

Illustrated notes

Levels and vault maps discovered:
D:1:      lightli_arrival_quake, layout_loops_ring, basic_ecumenical_altar
D:2:      layout_loops_cross, kennysheep_generic_room_2
D:3:      layout_loops_ring, serial_shops, nicolae_shop_crystal,
          serial_bayou_pond_b

Skill      XL: |  1  2  3 |
---------------+----------+-----
Transmutations | 2 |  2.0
Dodging        | |  2.0
Stealth        | |  2.6
Spellcasting   | |  2.6
Earth Magic    | |  3.4

Action                   || total
-------------------------++-------
Melee: Unarmed           ||     7
       Constrict         ||    10
       Tentacles         ||     8
       Dagger            ||    31
 Cast: Sandblast         ||    30
 Stab: Sleeping          ||     2
Armor: Skin              ||     3
Dodge: Dodged            ||    51
